 Dungeon Crawl Stone Soup version 0.31.0-9-g3a7656b989 (webtiles) character file.

Game seed: 2640981456674871745

29 qw the Shooter (level 3, -1/20 HPs)
             Began as a Deep Elf Hunter on Feb 2, 2024.
             Succumbed to a scorpion's poison
             ... on level 2 of the Dungeon.
             The game lasted 00:00:05 (1109 turns).

qw the Shooter (Deep Elf Hunter)                    Turns: 1109, Time: 00:00:05

Health: -1/20      AC:  3    Str: 10    XL:     3   Next: 1%
Magic:  5/5        EV: 12    Int: 13    God:
Gold:   109        SH:  0    Dex: 18    Spells: 2/2 levels left

rFire   . . .        a - +0 shortbow
rCold   . . .        (shield currently unavailable)
rNeg    . . .        c - +0 leather armour
rPois   .            (no helmet)
rElec   .            (no cloak)
rCorr   .            (no gloves)
SInv    .            (no boots)
Will    .....        (no amulet)
Stlth   ++           (no ring)
HPRegen 0.23/turn    (no ring)
MPRegen 0.09/turn

%: no passive effects
@: lethally poisoned (-1 -> -10)
A: no striking features
a: no special abilities


You were on level 2 of the Dungeon.
You visited 1 branch of the dungeon, and saw 2 of its levels.

You collected 109 gold pieces.


   Skills:
 - Level 1.5 Fighting
 + Level 6.6 Ranged Weapons
 - Level 2.4 Dodging
 - Level 1.2 Stealth


You had 2 spell levels left.
You didn't know any spells.
Your spell library was empty.

Inventory:

Hand Weapons
 a - a +0 shortbow (weapon)
Armour
 b - a +0 ring mail
 c - a +0 leather armour (worn)
Scrolls
 d - 3 scrolls of identify {unknown}

Dungeon Overview and Level Annotations

Branches:
Dungeon (2/15)

Altars:


Message History

You shoot an arrow. The arrow hits the ball python.
You kill the ball python!
d - 3 scrolls labelled FUXONO ZAPRAILU (gained 2)
A scorpion comes into view.
The scorpion stings the plant.
The plant begins to die.
The scorpion stings the bush but does no damage.
The scorpion stings the plant.
The scorpion stings the bush but does no damage.
The scorpion stings the bush but does no damage.
A nearby plant withers and dies.
Enter note:
Enter note: You shoot an arrow.
The arrow closely misses the scorpion.
The scorpion stings you but does no damage.
You shoot an arrow. The arrow hits the scorpion.
The scorpion is moderately wounded.
The scorpion closely misses you.
You shoot an arrow. The arrow barely misses the scorpion.
The arrow hits the plant.
The plant begins to die.
The plant is lightly damaged.
The scorpion barely misses you.
You shoot an arrow.
The arrow hits the scorpion but does no damage.
The scorpion is moderately wounded.
The scorpion stings you.
The scorpion stings you but does no damage.
You shoot an arrow. The arrow hits the scorpion.
The scorpion is severely wounded.
The scorpion closely misses you.
You shoot an arrow. The arrow hits the scorpion.
The scorpion is severely wounded.
A nearby plant withers and dies.
The scorpion stings you.
You shoot an arrow.
The arrow hits the scorpion but does no damage.
The scorpion is severely wounded.
The scorpion stings you.
You are lethally poisoned!
The scorpion poisons you! The scorpion stings you.
You shoot an arrow. The arrow closely misses the scorpion.
You die...

..# #. .##..
### #. #..#.#
#. #.... ## #.
##...7 P.### #>
#.PPP77.P.. ..
#..P..P7..#
#s....P7..#
#@PP...7P.#
#.....7.P.#
##.P.7...#
#.......#
#..##.#.#
##......#######
######........
#.#......
#.#.#####


You could see a scorpion.

Vanquished Creatures
  A dart slug (D:2)
  2 endoplasms
  2 giant cockroaches
  A hobgoblin (D:2)
  3 quokkas
  2 ball pythons (D:2)
  4 bats
  2 frilled lizards (D:1)
  2 goblins (D:1)
  4 kobolds (D:1)
  4 rats
27 creatures vanquished.

Notes
Turn   | Place    | Note
-------+----------+-------------------------------------------
     0 | D:1      | qw the Deep Elf Hunter began the quest for the Orb.
     0 | D:1      | Reached XP level 1. HP: 12/12 MP: 3/3
     0 | D:1      | 0 ||| qw: Version: 0.3-a-155-g5e7d8dd
     0 | D:1      | 0 ||| qw: Game counter: 1049
     0 | D:1      | 0 ||| qw: Melee chars always use a shield: true
     0 | D:1      | 0 ||| qw: God list: Okawaru
     0 | D:1      | 0 ||| qw: Allow faded altars: false
     0 | D:1      | 0 ||| qw: Do Orc after clearing Dungeon:15 true
     0 | D:1      | 0 ||| qw: Do second Lair branch before Depths: true
     0 | D:1      | 0 ||| qw: Lair rune preference: random
     0 | D:1      | 0 ||| qw: Goals: Normal
     0 | D:1      | 0 ||| PLANNING D:1-11
   234 | D:1      | Reached XP level 2. HP: 10/16 MP: 4/4
   237 | D:1      | HP: 4/16 [kobold/+0 dagger (1)]
   239 | D:1      | Reached skill level 6 in Ranged Weapons
   644 | D:1      | You fall into a shaft and drop 1 floor!
   656 | D:2      | 656 ||| READING 3 scrolls labelled QOLAIPO GODIL.
   657 | D:2      | 657 ||| READING scroll labelled SISAPN MIAR.
   686 | D:2      | 686 ||| DROPPING scroll of butterflies.
   687 | D:2      | 687 ||| DROPPING 2 scrolls of fog.
  1059 | D:2      | Reached XP level 3. HP: 20/20 MP: 5/5
  1090 | D:2      | Noticed a scorpion
  1108 | D:2      | HP: 2/20 [scorpion (5)]
  1109 | D:2      | Succumbed to a scorpion's poison

Levels and vault maps discovered:
D:1:      erik_arrival_blinker_ship, layout_basic,
          wander_ebering_terrifying_dragon_lair
D:2:      layout_loops_ring, serial_forest, infiniplex_forest_lined_room_2,
          infiniplex_forest_clump_C, infiniplex_forest_lined_2,
          infiniplex_forest_straight_1, infiniplex_forest_end_1,
          infiniplex_forest_straight_2, minmay_misc_feat_pillars,
          minmay_goblin_outpost

Skill      XL: |  1  2 |
---------------+-------+-----
Ranged Weapons | 6 |  6.6
Fighting       | |  1.5
Dodging        | |  2.4
Stealth        | |  1.2

Action                     || total
---------------------------++-------
   Fire: Shortbow          ||    80
    Use: Scroll            ||     2
 Armour: Leather armour    ||    28
  Dodge: Dodged            ||    21

Table legend:
 A = Non-vault XP
 B = Vault XP
 C = Vault XP percentage of total XP
 D = Non-vault monster count
 E = Vault monster count
 F = Vault count percentage of total count
                 A         B        C        D         E       F
            +---------+---------+-------+---------+---------+-------
      Total |      41 |       1 |   2.4 |      26 |       1 |   3.7
            +---------+---------+-------+---------+---------+-------
        D:1 |      23 |       1 |   4.2 |      16 |       1 |   5.9
        D:2 |      18 |       0 |   0.0 |      10 |       0 |   0.0
            +---------+---------+-------+---------+---------+-------
